 Dungeon Crawl Stone Soup version 0.25.0-11-g1f837a76a1 (webtiles) character file.

Game seed: 14664217723884442839

1250 Delamore the Fighter (level 8, -4/55 HPs)
             Began as a Gargoyle Fighter on June 26, 2020.
             Was a Follower of Okawaru.
             Slain by an orc warrior
             ... wielding a +0 mace
              (9 damage)
             ... on level 6 of the Dungeon.
             The game lasted 00:05:12 (5097 turns).

Delamore the Fighter (Gargoyle Fighter)             Turns: 5097, Time: 00:05:12

Health: -4/55      AC: 15    Str: 23    XL:     8   Next: 50%
Magic:  2/2        EV:  5    Int: 10    God:    Okawaru [*.....]
Gold:   310        SH:  9    Dex:  9    Spells: 7/7 levels left

rFire    . . .     SeeInvis .   b - +2 flail of Valuable Assets {antimagic, rN+ MR+ Int-4 Stlth+}
rCold    . . .     Gourm    .   c - +0 kite shield
rNeg     + + .     Faith    .   s - +0 chain mail
rPois    ∞         Spirit   .   r - +0 helmet (curse)
rElec    +         Reflect  .   (no cloak)
rCorr    .         Harm     .   (no gloves)
MR       +....                  (no boots)
Stlth    ..........             (no amulet)
HPRegen  0.18/turn              n - +6 ring of intelligence
MPRegen  0.08/turn              (no ring)

@: no status effects
A: negative energy resistance 1, electricity resistance, unbreathing,
petrification resistance, rot immunity, AC +5
a: Heroism, Renounce Religion


You were on level 6 of the Dungeon.
You worshipped Okawaru.
Okawaru was aware of your devotion.
You were not hungry.

You visited 2 branches of the dungeon, and saw 7 of its levels.

You collected 310 gold pieces.

Inventory:

Hand Weapons
 b - the +2 flail of Valuable Assets (weapon) {antimagic, rN+ MR+ Int-4 Stlth+}
   (You found it on level 6 of the Dungeon)

   It reduces the magical energy of the wielder, and disrupts the spells and
   magical abilities of those hit.
   Natural abilities and divine invocations are not affected.
   It affects your intelligence (-4).
   It protects you from negative energy.
   It affects your resistance to hostile enchantments.
   It makes you more stealthy.
 w - a +0 vorpal morningstar
 y - a +1 mace of holy wrath
Armour
 c - a +0 kite shield (worn)
 r - a cursed +0 helmet (worn)
 s - a +0 chain mail (worn)
Jewellery
 n - a +6 ring of intelligence (left hand)
Wands
 a - a wand of clouds (5)
Scrolls
 i - 5 scrolls of identify {unknown}
 k - a scroll of fog {unknown}
 l - a scroll of amnesia {unknown}
 o - 3 scrolls of remove curse {unknown}
 p - 8 scrolls of teleportation {unknown}
 q - a scroll of noise {unknown}
 t - a scroll of random uselessness {unknown}
 v - a scroll of enchant armour {unknown}
 z - a scroll of enchant weapon {unknown}
Potions
 d - 2 potions of might
 e - a potion of magic {unknown}
 g - 2 potions of mutation {unknown}
 h - a potion of flight {unknown}
 j - 7 potions of heal wounds {unknown}
 m - 2 potions of curing {unknown}
 u - 2 potions of stabbing {unknown}
 A - a potion of degeneration {unknown}
Comestibles
 f - 7 rations
 x - 3 chunks of flesh


   Skills:
 + Level 8.4 Fighting
 + Level 7.3 Maces & Flails
 - Level 3.2 Armour
 - Level 3.2 Shields


You had 7 spell levels left.
You didn't know any spells.
Your spell library contained the following spells:

 Spells                   Type           Power        Failure   Level  Hunger
 Magic Dart               Conj           #...         100%        1    ##.....
 Blink                    Tloc           N/A          100%        2    ###....
 Call Imp                 Summ           #.......     100%        2    ###....
 Slow                     Hex            #.......     100%        2    ###....
 Conjure Flame            Conj/Fire      #.......     100%        3    ####...
 Mephitic Cloud           Conj/Pois/Air  #.......     100%        3    ####...


Dungeon Overview and Level Annotations

Branches:
Dungeon (6/15)             Temple (1/1) D:5

Altars:
Cheibriados
Gozag
Hepliaklqana
Kikubaaqudgha
Makhleb
Nemelex Xobeh
Okawaru
Ru
Sif Muna
Trog
Vehumet
Wu Jian
Xom
Yredelemnul
The Shining One

Shops:
D:6 (


Innate Abilities, Weirdness & Mutations

You are resistant to torment.
Your stone body is resilient. (AC +5)
You are immune to poison.
You resist negative energy. (rN+)
You are resistant to electric shocks. (rElec)
You can survive without breathing.
You are immune to petrification.
You are immune to rotting.


Message History

You block the orc warrior's attack.
You hit the orc warrior.
The orc warrior is almost dead.
You block the orc warrior's attack.
You hit the orc warrior but do no damage.
The orc warrior is almost dead.
The orc warrior hits you with a +0 mace.
You completely miss the orc warrior.
The orc warrior is almost dead.
The orc warrior hits you but does no damage.
You hit the orc warrior but do no damage.
The orc warrior is almost dead.
You hit the orc warrior but do no damage.
The orc warrior is almost dead.
The orc warrior hits you with a +0 mace!
* * * LOW HITPOINT WARNING * * *
Your shield and chain mail prevent you from hitting the orc warrior.
The orc warrior is almost dead.
The orc warrior hits you with a +0 mace!
You die...

#....##....##...##...####.#.....
#...............#....#....#.....
#...............#....#....#.....
#...............#....#....#.....
#....##'##.##...##...#....#.....
#....##.##.##...##...#....#.....
#..)............###########.....
##...............#............###
#...)...........@o............#..
##....##.#########............#..
##....##.# #............#..
#................#............#..
##...............#............#..
#................#............#..
#..#####...##....#.....#'######..
##...###...##....#.....#.........
#..........##....#.....#........[


You could see an orc warrior.

Vanquished Creatures
  3 eyes of draining (D:5)
  An ogre (D:5)
  A bullfrog (D:6)
  3 scorpions
  A howler monkey (D:5)
  5 orc priests
  A bullfrog skeleton (D:6)
  A jelly (D:5)
  6 orc wizards
  An iguana (D:3)
  A worker ant (D:6)
  2 hound skeletons (D:4)
  A worker ant zombie (D:6)
  A gnoll (D:1)
  9 adders
  An ooze (D:1)
  An adder zombie (D:5)
  An adder skeleton (D:5)
  A worm (D:3)
  5 leopard geckos
  23 orcs
  4 giant cockroaches
  4 goblins
  5 hobgoblins
  9 jackals
  5 kobolds
  5 quokkas
  3 ball pythons
  4 bats
  5 frilled lizards
  A leopard gecko zombie (D:6)
  5 rats
119 creatures vanquished.

Notes
Turn   | Place    | Note
-------+----------+-------------------------------------------
     0 | D:1      | Delamore the Gargoyle Fighter began the quest for the Orb.
     0 | D:1      | Reached XP level 1. HP: 14/14 MP: 1/1
    15 | D:1      | Reached XP level 2. HP: 10/20 MP: 2/2
   392 | D:1      | Reached skill level 4 in Fighting
   392 | D:1      | Reached XP level 3. HP: 24/24 MP: 3/3
   977 | D:2      | Reached XP level 4. HP: 28/30 MP: 4/4
  1744 | D:3      | Reached XP level 5. HP: 18/34 MP: 5/5
  1756 | D:3      | Reached skill level 5 in Fighting
  2458 | D:4      | Reached XP level 6. HP: 23/40 MP: 6/6
  2806 | D:4      | Reached skill level 6 in Fighting
  2806 | D:4      | Reached skill level 5 in Maces & Flails
  2826 | D:4      | HP: 2/41 [orc wizard/magic dart (11)]
  3423 | D:5      | Entered Level 5 of the Dungeon
  3465 | D:5      | Reached XP level 7. HP: 29/47 MP: 7/7
  3787 | D:5      | Found a staircase to the Ecumenical Temple.
  3796 | Temple   | Entered the Ecumenical Temple
  3911 | Temple   | Became a worshipper of Warmaster Okawaru
  4083 | D:5      | Found a bloodstained altar of Trog.
  4095 | D:5      | Reached skill level 7 in Fighting
  4102 | D:5      | Reached XP level 8. HP: 46/53 MP: 0/8
  4413 | D:6      | Reached * piety under Okawaru
  4493 | D:6      | Found Qeubaigy's Antique Weapon Shoppe.
  4539 | D:6      | Reached skill level 8 in Fighting
  4662 | D:6      | Got a bone flail
  4663 | D:6      | Identified the +2 flail of Valuable Assets {antimagic, rN+
                  | MR+ Int-4 Stlth+} (You found it on level 6 of the Dungeon)
  5097 | D:6      | Slain by an orc warrior

Illustrated notes

Levels and vault maps discovered:
D:1:      mrwooster_arrival_statue_2, layout_basic
D:2:      layout_rooms
D:3:      layout_basic, first_ration
D:4:      layout_cave_pools, minivault_11
D:5:      layout_basic, minmay_temple_entry_ruins, minivault_4,
          trog_eyes_of_draining
D:6:      layout_gridville, serial_shops, nicolae_shop_overgrown_old_shop
Temple:   regret_index_temple_waves

Skill      XL: |  1  2  3  4  5  6  7  8 |
---------------+-------------------------+-----
Fighting       | 4 5 6 7 8 |  8.4
Maces & Flails | 3 4 5 6 7 |  7.3
Armour         | |  3.2
Shields        | |  3.2

Action                   |  1- 3 |  4- 6 |  7- 9 || total
-------------------------+-------+-------+-------++-------
Melee: Flail             |    94 |   274 |    87 ||   455
       Morningstar       |       |       |    79 ||    79
  Eat: Chunk             |       |     9 |     5 ||    14
Armor: Scale mail        |    60 |   164 |       ||   224
       Chain mail        |       |    68 |   121 ||   189
Dodge: Dodged            |    32 |   104 |    40 ||   176
Block: Kite shield       |    47 |   200 |    94 ||   341
